Map: Thunderbird LE

Players

Gerald

  • Race: Protoss Protoss
  • Spawn Location: 11:00

TIME (Oliveira) - Winner!

  • Race: Terran Terran
  • Spawn Location: 5:00

VOD

Have the link to the VOD?

Description

Time

  • Played on: Sept. 6, 2019, 8:51 p.m.
  • Length: 11:39
Show
View Real Time Build Order
Export as new Build Order

Gerald Protoss 

Build Orders: 1 Gate Expand, Phoenix Opening 

Get SALT Encoding   

  12  0:01  Probe  
  13  0:13  Probe  
  14  0:17  Pylon  
  14  0:23  Probe  
  15  0:31  Probe  
  16  0:39  Gateway, Probe  
  16  0:47  Assimilator  
  17  0:51  Probe  
  18  1:04  Probe  
  19  1:16  Probe  
  20  1:22  Nexus  
  20  1:31  Cybernetics Core  
  20  1:34  Probe  
  21  1:41  Assimilator  
  21  1:46  Probe  
  22  1:50  Pylon  
  22  1:58  Probe, Adept  
  23  2:10  Probe  
  26  2:19  Stargate, Adept  
  26  2:22  Probe  
  29  2:35  Probe x2  
  30  2:39  Warp Gate  
  30  2:42  Pylon  
  30  2:47  Probe  
  30  2:48  Adept  
  30  2:51  Probe  
  34  2:56  Phoenix  
  34  2:59  Probe  
  37  3:05  Probe  
  37  3:11  Probe  
  39  3:16  Gateway  
  39  3:19  Phoenix  
  41  3:27  Gateway  
  41  3:28  Probe  
  41  3:32  Probe  
  43  3:39  Phoenix  
  43  3:40  Probe  
  44  3:44  Probe  
  47  3:52  Probe  
  47  3:54  Assimilator  
  48  3:56  Forge, Assimilator  
  48  4:03  Probe  
  48  4:05  Probe  
  48  4:06  Pylon  
  48  4:08  Phoenix  
  52  4:15  Probe  
  52  4:17  Probe  
  54  4:20  Pylon  
  54  4:27  Probe  
  54  4:31  Robotics Facility  
  55  4:33  Phoenix, Probe  
  55  4:35  Protoss Ground Weapons Level 1  
  58  4:44  Probe  
  58  4:45  Probe  
  60  4:53  Nexus  
  60  4:56  Probe  
  61  5:00  Phoenix  
  63  5:07  Pylon  
  63  5:09  Probe  
  63  5:12  Stalker  
  66  5:17  Probe  
  66  5:18  Observer  
  68  5:21  Phoenix  
  62  5:29  Probe  
  66  5:35  Probe  
  66  5:40  Robotics Bay  
  66  5:41  Probe  
  67  5:47  Probe  
  67  5:49  Adept x3  
  71  5:53  Probe  
  71  5:59  Probe  
  71  6:02  Probe  
  72  6:07  Probe  
  72  6:08  Probe  
  72  6:11  Probe  
  75  6:14  Stalker  
  75  6:15  Probe  
  78  6:19  Probe  
  78  6:21  Observer, Pylon, Probe  
  82  6:26  Probe  
  82  6:32  Probe  
  84  6:33  Probe  
  84  6:34  Colossus  
  84  6:38  Probe  
  86  6:44  Probe  
  86  6:45  Probe  
  93  6:48  Probe  
  89  6:56  Probe x2  
  89  6:57  Probe  
  89  7:00  Protoss Ground Armor Level 1  
  89  7:01  Assimilator x2  
  92  7:04  Probe  
  92  7:07  Photon Cannon  
  92  7:08  Probe  
  94  7:09  Probe  
  94  7:10  Twilight Council  
  95  7:16  Zealot x2, Sentry  
  95  7:19  Photon Cannon  
  101  7:27  Pylon  
  101  7:34  Pylon  
  101  7:44  Colossus  
  101  7:45  Probe x2  
  109  7:52  Probe  
  109  7:54  Stalker x3  
  109  7:57  Probe  
  109  7:58  Probe  
  117  8:04  Probe  
  113  8:10  Probe  
  113  8:12  Blink  
  114  8:14  Probe  
  114  8:18  Probe  
  116  8:27  Gateway x2  
  116  8:29  Pylon  
  116  8:30  Gateway  
  116  8:33  Gateway  
  116  8:36  Stalker  
  116  8:37  Colossus, Gateway  
  122  8:50  Forge  
  122  8:51  Photon Cannon  
  122  8:52  Extended Thermal Lance  
  122  8:53  Pylon  
  122  9:01  Observer  
  121  9:08  Templar Archives  
  121  9:12  Stalker  
  121  9:13  Stalker x2  
  121  9:14  Robotics Facility  
  127  9:17  Nexus  
  127  9:21  Pylon  
  127  9:24  Probe x2, Assimilator  
  127  9:28  Psionic Storm, Assimilator  
  127  9:30  Warp Prism  
  131  9:35  Probe  
  132  9:41  Probe  
  132  9:43  Pylon, Probe  
  132  9:45  Pylon  
  134  9:50  Shield Battery  
  134  9:53  Disruptor  
  134  9:54  Photon Cannon, High Templar x3  
  134  9:55  Shield Battery  
  140  10:01  Pylon  
  143  10:08  High Templar  
  143  10:09  Zealot x4  
  143  10:12  Probe  
  154  10:16  Probe  
  155  10:24  Probe  
  155  10:26  Probe  
  157  10:28  Probe  
  157  10:30  Disruptor  
  157  10:35  Disruptor  
  161  10:37  Stalker x5  
  161  10:38  Stalker x2  
  161  10:40  Shield Battery  
  161  10:42  Pylon  
  176  10:59  Archon  
  176  11:02  Zealot x8  
  103  11:24  Zealot x6  
  91  11:27  Stalker x2  
Show
View Real Time Build Order
Export as new Build Order

TIME Terran - Winner!

Build Orders: Gas First Reaper Expand 

Get SALT Encoding   

  12  0:00  SCV  
  13  0:13  SCV  
  14  0:17  Supply Depot  
  14  0:25  SCV  
  14  0:28  Refinery  
  15  0:39  SCV  
  16  0:44  Barracks  
  16  0:51  SCV  
  17  1:03  SCV  
  18  1:15  SCV  
  19  1:32  Reaper  
  20  1:33  Orbital Command  
  20  1:45  Command Center  
  20  1:54  Factory  
  20  1:58  SCV  
  21  2:02  Refinery  
  21  2:07  Barracks Reactor  
  21  2:10  SCV  
  21  2:14  Supply Depot  
  23  2:22  SCV  
  23  2:36  SCV  
  24  2:39  Starport  
  24  2:47  Hellion x2  
  24  2:49  Marine  
  24  2:51  SCV  
  30  2:56  Orbital Command  
  30  3:03  SCV  
  31  3:06  Orbital Command  
  31  3:09  Widow Mine x2  
  35  3:15  SCV  
  35  3:18  Barracks Tech Lab  
  36  3:20  Medivac  
  38  3:31  Widow Mine  
  38  3:33  Widow Mine  
  43  3:34  Supply Depot, SCV  
  43  3:36  SCV  
  43  3:46  SCV  
  44  3:51  SCV  
  45  3:56  Widow Mine x2, Supply Depot  
  45  3:57  Medivac  
  45  3:59  SCV  
  52  4:05  SCV  
  53  4:11  SCV  
  54  4:18  Widow Mine  
  54  4:20  Widow Mine, Command Center  
  58  4:25  Marine  
  58  4:26  SCV  
  58  4:27  Medivac  
  58  4:34  Stimpack, SCV  
  58  4:37  Supply Depot  
  59  4:40  Widow Mine  
  59  4:43  Widow Mine  
  61  4:46  SCV  
  61  4:49  Supply Depot  
  62  4:58  SCV, Marine  
  60  5:02  Widow Mine  
  60  5:05  Widow Mine  
  64  5:08  SCV  
  64  5:09  Barracks x2  
  64  5:11  SCV  
  64  5:12  Supply Depot  
  66  5:15  Marine  
  66  5:20  SCV  
  68  5:23  SCV  
  67  5:30  Refinery x2, Engineering Bay x2  
  67  5:32  SCV  
  67  5:33  Widow Mine x2  
  67  5:34  Starport Reactor  
  70  5:37  SCV  
  70  5:41  SCV  
  70  5:43  Supply Depot, Marauder  
  70  5:44  SCV  
  74  5:50  SCV  
  74  5:54  Orbital Command  
  72  5:58  Widow Mine x2  
  72  5:59  Barracks Tech Lab, Barracks Reactor  
  72  6:01  Terran Infantry Weapons Level 1  
  72  6:03  SCV  
  75  6:04  SCV  
  75  6:06  Terran Infantry Armor Level 1  
  75  6:09  Marauder  
  78  6:15  SCV  
  78  6:16  SCV  
  80  6:23  Marauder, Barracks x2  
  80  6:25  SCV  
  83  6:28  SCV x2  
  83  6:29  Medivac  
  83  6:31  Medivac  
  89  6:33  Marauder  
  89  6:37  SCV  
  90  6:40  SCV  
  90  6:43  Marine  
  90  6:44  Marauder, Marine  
  93  6:48  SCV  
  93  6:50  SCV  
  93  6:52  SCV  
  90  6:54  Supply Depot  
  90  6:57  Widow Mine x2, Marine  
  90  6:59  Medivac  
  90  7:00  SCV  
  98  7:01  Marine  
  98  7:02  SCV  
  98  7:03  Medivac  
  98  7:04  Marine  
  98  7:05  Marauder, SCV  
  98  7:07  Refinery  
  106  7:09  Refinery  
  106  7:12  Barracks Tech Lab, Barracks Reactor, SCV  
  106  7:14  SCV  
  108  7:17  Supply Depot  
  108  7:18  Supply Depot, Marine  
  109  7:23  Command Center  
  109  7:28  SCV x2  
  111  7:31  Starport  
  111  7:32  Marauder, Armory, Marine x2  
  111  7:35  SCV  
  114  7:40  SCV  
  114  7:43  Marine  
  115  7:44  Marauder  
  115  7:45  Viking x2, SCV  
  115  7:47  SCV  
  115  7:49  Marine  
  120  7:52  SCV, Marine x2  
  117  7:59  Marauder, Marine  
  117  8:01  Marine  
  117  8:02  SCV  
  119  8:06  SCV, Marine  
  119  8:07  Marine  
  119  8:08  SCV  
  119  8:12  Viking x2  
  122  8:14  SCV  
  122  8:16  Supply Depot  
  122  8:17  Viking x2  
  125  8:20  Marauder, SCV  
  125  8:21  Marauder  
  125  8:22  Marine x2  
  125  8:23  Terran Infantry Weapons Level 2  
  130  8:27  Supply Depot  
  130  8:28  Supply Depot  
  130  8:30  Terran Infantry Armor Level 2  
  130  8:36  Concussive Shells  
  130  8:38  Marine x2  
  134  8:42  Combat Shield  
  134  8:43  SCV x2  
  134  8:45  SCV  
  134  8:46  Refinery  
  134  8:47  Viking  
  137  8:48  Marine  
  137  8:49  Refinery  
  137  8:50  Viking  
  137  8:52  Marauder  
  137  8:54  Marauder  
  145  8:55  Marauder, Marine, SCV  
  145  8:59  Viking  
  146  9:03  Ghost Academy  
  146  9:05  Supply Depot  
  146  9:06  Supply Depot  
  146  9:08  Marine x3  
  149  9:13  Terran Ship Weapons Level 1  
  149  9:16  Marauder x2, Marine  
  149  9:17  Viking  
  156  9:25  Planetary Fortress  
  156  9:26  Marine x2  
  156  9:28  Marine  
  156  9:29  Marauder  
  156  9:30  SCV x2  
  156  9:31  SCV  
  164  9:35  Enhanced Shockwaves  
  164  9:36  Marine  
  163  9:43  Viking x2  
  168  9:46  Command Center  
  168  9:47  Viking  
  168  9:48  Supply Depot  
  170  9:53  Marine x3  
  170  9:54  Missile Turret  
  170  9:55  Ghost  
  170  9:57  Marine  
  170  9:58  Ghost  
  177  10:00  Marauder  
  177  10:03  Supply Depot  
  177  10:05  Missile Turret  
  177  10:07  Missile Turret  
  179  10:10  Sensor Tower  
  179  10:13  Marine x2  
  179  10:14  Liberator x3, Marine  
  182  10:21  Marauder  
  182  10:23  Marine  
  182  10:27  Marauder x2  
  189  10:31  Marine x2  
  200  10:42  Command Center  
  198  11:03  Viking, Marine x3  
  198  11:04  Marauder x2  
  173  11:06  Marine  
  173  11:07  Marauder  
Tags
 
Add a new tag
Caveats
  • Supply blocks, unpowered buildings, or Contaminate may cause inaccurate times.
  • Supply counts are checked every 10 seconds.